 Dungeon Crawl Stone Soup version 0.29.1-13-g9f3cf754e1 (webtiles) character file.

Game seed: 13064464052018395895

44 H0rd4k the Charlatan (level 3, -2/24 HPs)
             Began as an Octopode Artificer on Jan 31, 2023.
             Slain by a gnoll
             ... wielding a +0 halberd
              (14 damage)
             ... on level 2 of the Dungeon.
             The game lasted 00:01:14 (2119 turns).

H0rd4k the Charlatan (Octopode Artificer)           Turns: 2119, Time: 00:01:15

Health: -2/24      AC:  1    Str: 11    XL:     3   Next: 62%
Magic:  5/5        EV: 13    Int: 15    God:
Gold:   83         SH:  0    Dex: 12    Spells: 5/5 levels left

rFire   . . .      SeeInvis .     - Unarmed
rCold   . . .      Faith    .   (no shield)
rNeg    . . .      Spirit   .   (helmet restricted)
rPois   .          Reflect  .   (no amulet)
rElec   .          Harm     .   (no ring)
rCorr   .          Rampage  .   (no ring)
Will    .....                   (no ring)
Stlth   +++.......              (no ring)
HPRegen 0.08/turn               (no ring)
MPRegen 0.09/turn               (no ring)
                                (no ring)
                                (no ring)

@: no status effects
A: almost no armour, amphibious, 8 rings, camouflage 1, gelatinous body 1,
(nimble swimmer 1), tentacles
a: no special abilities


You were on level 2 of the Dungeon.
You visited 1 branch of the dungeon, and saw 2 of its levels.

You collected 83 gold pieces.

Inventory:

Missiles
 j - 5 atropa-tipped darts
 k - 4 poisoned darts
Wands
 b - a wand of flame (15) (quivered)
 c - a wand of charming (13)
 d - a wand of iceblast (5)
Scrolls
 e - 4 scrolls of vulnerability {unknown}
 f - 2 scrolls of blinking {unknown}
Potions
 a - a potion of mutation {unknown}
 g - a potion of curing {unknown}
 h - a potion of might {unknown}
 i - a potion of cancellation {unknown}


   Skills:
 * Level 2.2 Fighting
 - Level 2.3 Dodging
 - Level 1.3 Stealth
 + Level 1.2 Unarmed Combat
 * Level 1.5 Spellcasting
 - Level 3.2 Evocations


You had 5 spell levels left.
You didn't know any spells.
Your spell library was empty.

Dungeon Overview and Level Annotations

Branches:
Dungeon (2/15)

Altars:

Annotations:
D:1 exclusion: downstairs
D:2 Terence


Innate Abilities, Weirdness & Mutations

You cannot wear most types of armour.
You are amphibious.
You can wear up to eight rings at the same time.
Your skin changes colour to match your surroundings (Stealth+).
Your rubbery body absorbs attacks. (AC +1, EV +1)
((You are camouflaged when in or above water. (Stealth+)))
You have tentacles for arms and can constrict up to eight enemies at once.


Message History

You kill the rat!
You see here a rat corpse.
No target in view!
Terence the Incautious comes into view.
He is wielding a +0 short sword.
Found a scroll labelled OMMOAS VAROMU.
Terence shouts!
An adder comes into view.
There are monsters nearby!
There are monsters nearby!
Terence closely misses you.
The adder hisses angrily.
The gnoll shouts!
You tentacle-slap Terence but do no damage.
You grab Terence.
You constrict Terence, but do no damage.
Terence shouts, "DIE!!!"
Terence hits you with a +0 short sword.
You tentacle-slap Terence but do no damage.
You constrict Terence, but do no damage.
Terence closely misses you.
You release your grip on Terence.
Terence attacks as you move away! Terence hits you with a +0 short sword.
You see here an amulet of faith.
The adder attacks as you move away! The adder bites you.
The adder barely misses you.
Aiming: Charm
Press: ? - help, Shift-Dir - straight line, f - adder
Aim: an adder (chance to affect: 66%)
The adder is charmed.
Terence closely misses your adder. The gnoll completely misses you.
Unknown command.
What are your orders? t - Shout!
Orders for allies: a - Attack new target. p - Attack previous target. r - Retreat! s - Stop attacking. g - Guard the area. f - Follow me.
Anything else - Cancel.
Guard this area!
Your adder barely misses the gnoll.
The gnoll hits you from afar with a +0 halberd!
Ouch! That really hurt!
You die...

#### #...
#################.##
#.................#
###.##################
####.........# #
.#####....#g#####.# #
#. ........."J@S@....#
# ..
...?.......g####..# #
.#.###..##### # #..#
##. #..# $.. #..# ##.
#..# #..#


You could see Terence, 2 gnolls, an endoplasm and a friendly adder (charmed).

Vanquished Creatures
  3 dart slugs
  5 giant cockroaches (D:1)
  3 goblins
  3 hobgoblins (D:1)
  2 quokkas (D:1)
  2 ball pythons
  2 bats (D:1)
  3 frilled lizards (D:1)
  6 kobolds
  5 rats
34 creatures vanquished.

Vanquished Creatures (others)
  A gnoll (D:2)
1 creature vanquished.

Grand Total: 35 creatures vanquished

Notes
Turn   | Place    | Note
-------+----------+-------------------------------------------
     0 | D:1      | H0rd4k the Octopode Artificer began the quest for the Orb.
     0 | D:1      | Reached XP level 1. HP: 13/13 MP: 1/1
   103 | D:1      | Reached XP level 2. HP: 14/18 MP: 2/2
   511 | D:1      | Reached skill level 1 in Spellcasting
   766 | D:1      | Reached XP level 3. HP: 21/24 MP: 4/4
  1374 | D:1      | Reached skill level 1 in Unarmed Combat
  2106 | D:2      | Noticed Terence
  2119 | D:2      | Slain by a gnoll

Illustrated notes

Levels and vault maps discovered:
D:1:      psy_arrival_terrarium, layout_basic, nicolae_hexahallways,
          st_stairs_12
D:2:      layout_loops_ring, uniq_natasha, uniq_terence

Skill      XL: |  1  2  3 |
---------------+----------+-----
Spellcasting   | 1 |  1.5
Fighting       | 2 |  2.2
Unarmed Combat | 1 |  1.2
Dodging        | |  2.3
Stealth        | |  1.3
Evocations     | |  3.2

Action                   || total
-------------------------++-------
Melee: Unarmed           ||    91
       Constrict         ||    25
       Tentacles         ||    16
       Punch             ||     1
Evoke: Wand              ||     2
 Stab: Sleeping          ||    13
Armor: Skin              ||     4
Dodge: Dodged            ||    44
